 Dungeon Crawl Stone Soup version 0.29.1-12-g30fa7ad0bf (webtiles) character file.

Game seed: 15990990664642407600

81 wormed the Shooter (level 4, -2/34 HPs)
             Began as a Spriggan Hunter on Dec 28, 2022.
             Slain by a goblin
             ... wielding a +0 club
             ... led by Robin
              (5 damage)
             ... on level 2 of the Dungeon.
             The game lasted 00:02:58 (1851 turns).

wormed the Shooter (Spriggan Hunter)                Turns: 1851, Time: 00:02:59

Health: -2/34      AC: 22    Str:  7    XL:     4   Next: 20%
Magic:  5/5        EV:  4    Int: 10    God:
Gold:   138        SH:  0    Dex: 20    Spells: 3/3 levels left

rFire   . . .      SeeInvis +   a - +0 shortbow
rCold   . . .      Faith    .   (shield currently unavailable)
rNeg    . . .      Spirit   .   (body armour currently unavailable)
rPois   +          Reflect  .   (helmet currently unavailable)
rElec   .          Harm     .   (cloak currently unavailable)
rCorr   .          Rampage  .   (gloves unavailable)
Will    .....      NoTele   +   (boots unavailable)
Stlth   +++.......              (no amulet)
HPRegen 0.11/turn               (no ring)
MPRegen 0.09/turn               (no ring)

@: tree-form
A: stationary, stasis, torment immunity, boosted hp, very small, no large
weapons, unfitting armour, see invisible, (speed 3)
a: no special abilities


You were on level 2 of the Dungeon.
You were a tree.
You visited 1 branch of the dungeon, and saw 3 of its levels.

You collected 138 gold pieces.

Inventory:

Hand Weapons
 a - a +0 shortbow (weapon)
 l - a +3 dagger
Armour
 c - a +0 robe (melded)
Jewellery
 j - a +6 ring of intelligence
Scrolls
 b - a scroll of immolation
 d - 2 scrolls of identify {unknown}
 g - a scroll of teleportation {unknown}
 h - a scroll of noise {unknown}
 i - a scroll of magic mapping {unknown}
Potions
 f - a potion of mutation {unknown}
 k - a potion of ambrosia {unknown}


   Skills:
 + Level 2.1 Fighting
 * Level 4.8 Ranged Weapons
 + Level 3.5 Dodging
 + Level 3.1 Stealth


You had 3 spell levels left.
You didn't know any spells.
Your spell library contained the following spells:

 Spells                   Type           Power      Damage    Failure   Level
 Ensorcelled Hibernation  Hex/Ice        0%         N/A       50%         2
 Passwall                 Tmut/Erth      0%         N/A       50%         2
 Swiftness                Air            0%         N/A       75%         3


Dungeon Overview and Level Annotations

Branches:
Dungeon (3/15)

Altars:

Annotations:
D:3 Robin


Innate Abilities, Weirdness & Mutations

You are a tree.
Your roots penetrate the ground, keeping you stationary.
You cannot be teleported.
You are immune to unholy pain and torment.
Your maximum health is greatly increased.
Your equipment is partially melded.
You are very small and have problems with some larger weapons.
You are too small for most types of armour.
You have supernaturally acute eyesight. (SInv)
((You cover ground extremely quickly. (Speed+++)))


Message History

You hear a shout!
The goblin hits you but does no damage.
You shoot an arrow. The arrow hits the goblin!
You kill the goblin!
The hobgoblin closely misses you.
Robin of the Strong Arm comes into view.
They are wielding a +0 spear.
You shoot an arrow. The arrow hits the hobgoblin.
You kill the hobgoblin!
You hear a shout!
You shoot an arrow. The arrow closely misses the goblin.
Robin hits you from afar with a +0 spear.
The goblin misses you.
A goblin comes into view. It is wielding a +0 club.
The goblin completely misses you. Robin throws the goblin at you!
You shoot an arrow. The arrow hits the goblin.
You kill the goblin!
A goblin comes into view. It is wielding a +0 dagger.
Robin closely misses you. The goblin hits you with a +0 club.
You shoot an arrow. The arrow misses the goblin.
Robin barely misses you. The goblin barely misses you.
You shoot an arrow. The arrow barely misses the goblin.
Robin throws the goblin at you!
A goblin comes into view. It is wielding a +0 club.
The goblin barely misses you. x2
You shoot an arrow. The arrow closely misses the goblin.
The arrow barely misses Robin.
The goblin closely misses you.
Robin roars a battlecry!
The goblins go into a battle-frenzy!
The goblin hits you with a +0 dagger. Robin closely misses you.
The goblin hits you but does no damage. The goblin hits you with a +0 club.
The goblin completely misses you. The goblin hits you with a +0 club.
Robin misses you. The goblin hits you but does no damage.
The goblin hits you with a +0 club.
* * * LOW HITPOINT WARNING * * *
You climb upwards.
There is a stone staircase leading down here.
It was a potion of lignification.
You turn into a tree.
Your +0 robe melds into your body.
Your roots penetrate the ground.
The goblin hits you with a +0 club.
You die...

........>...........##...........
#######..###................##...
#######...##.####.#.###########.#
.[...##.......####.###### #.#
####.......)............# #.# #
###.........###.####.# #.. #
##..........#.# #.# ### #
#.......##g#.# #.#
#######....#####♣#.# #.#
...........# #g#.# #.# #
..........## #gg.# #.# #
#######.#.# #.### #.# # # #.#.#
#.# #.# # # #.#.# #.## #.# # ###
#.#.# #..# #.# # ..#####.#.# #.†#
#.####### # ........#.######..#
#.....<.# #


You could see 4 goblins.

Vanquished Creatures
  An adder (D:2)
  3 worms (D:2)
  4 dart slugs
  5 endoplasms
  A giant cockroach (D:1)
  8 goblins
  5 hobgoblins
  7 jackals (D:1)
  3 quokkas
  2 ball pythons (D:2)
  A bat (D:2)
  A frilled lizard (D:1)
  4 kobolds (D:1)
  7 rats
52 creatures vanquished.

Vanquished Creatures (others)
  8 toadstools (D:1)
8 creatures vanquished.

Grand Total: 60 creatures vanquished

Notes
Turn   | Place    | Note
-------+----------+-------------------------------------------
     0 | D:1      | wormed the Spriggan Hunter began the quest for the Orb.
     0 | D:1      | Reached XP level 1. HP: 10/10 MP: 2/2
   154 | D:1      | Reached XP level 2. HP: 3/15 MP: 3/3
   747 | D:1      | Reached XP level 3. HP: 18/18 MP: 4/4
  1462 | D:2      | Reached XP level 4. HP: 23/23 MP: 5/5
  1842 | D:3      | Noticed Robin
  1851 | D:2      | Slain by a goblin

Illustrated notes

Levels and vault maps discovered:
D:1:      ldierk_walled_garden, layout_basic, minmay_gold_behind_fungi
D:2:      layout_loops_ring
D:3:      layout_loops_ring, lightli_temple_of_fire,
          gammafunk_temple_overflow_forgotten, kennysheep_crisscross,
          nicolae_titane, uniq_robin

Skill      XL: |  1  2  3 |
---------------+----------+-----
Stealth        | 2 3 |  3.1
Dodging        | 3 |  3.5
Fighting       | 2 |  2.1
Ranged Weapons | |  4.8

Action                   |  1- 3 |  4- 6 || total
-------------------------+-------+-------++-------
 Fire: Shortbow          |   133 |    19 ||   152
  Use: Potion            |       |     1 ||     1
Armor: Robe              |     5 |     4 ||     9
Dodge: Dodged            |    19 |    13 ||    32
